 Dungeon Crawl Stone Soup version 0.31.0-11-ge490571c62 (webtiles) character file.

Game seed: 17689237653016227797

719 hikkokomori the Apothecary (level 8, -1/57 HPs)
             Began as a Formicid Alchemist on Jan 31, 2024.
             Was a Believer of Zin.
             Slain by a centaur
             ... wielding a staff of fire
              (7 damage)
             ... on level 5 of the Dungeon.
             The game lasted 00:08:36 (4819 turns).

hikkokomori the Apothecary (Formicid Alchemist)     Turns: 4819, Time: 00:08:37

Health: -1/57      AC:  3    Str: 16    XL:     8   Next: 1%
Magic:  13/13      EV: 11    Int: 23    God:    Zin [**....]
Gold:   195        SH:  0    Dex: 13    Spells: 10/14 levels left

rFire   . . .        x - +0 scythe (venom)
rCold   . . .        (no shield)
rNeg    . . .        p - +0 leather armour
rPois   .            (helmet unavailable)
rElec   .            (no cloak)
rCorr   .            (no gloves)
SInv    +            (no boots)
Will    .....        (no amulet)
Stlth   +++          s - +6 ring of intelligence
HPRegen 0.29/turn    (no ring)
MPRegen 0.13/turn

%: no passive effects
@: on recite cooldown
A: permanent stasis, dig shafts and tunnels, antennae 3, four strong arms,
strong 1, wild magic 1, evolution 1
a: Dig, Shaft Self, Renounce Religion, Recite, Vitalisation, Donate Gold


You were on level 5 of the Dungeon.
You worshipped Zin.
Zin was pleased with you.
You visited 1 branch of the dungeon, and saw 5 of its levels.

You collected 216 gold pieces.
You donated 21 gold pieces to Zin.

Inventory:

Hand Weapons
 c - a +0 club
 h - a +0 mace
 j - a +1 dagger of venom
 x - a +0 scythe of venom (weapon)
Missiles
 g - 6 curare-tipped darts
Armour
 a - a +0 robe
 i - a +0 ring mail
 p - a +0 leather armour (worn)
Jewellery
 s - a +6 ring of intelligence (left hand)
Wands
 r - a wand of roots (12)
Scrolls
 l - 2 scrolls of fog {unknown}
 m - a scroll of enchant armour {unknown}
 o - a scroll of acquirement {unknown}
 t - a scroll of identify
 u - a scroll of silence {unknown}
 v - a scroll of noise {unknown}
 w - a scroll of torment {unknown}
Potions
 b - a potion of magic
 d - a potion of mutation
 e - 2 potions of degeneration
 f - a potion of curing {unknown}
 k - a potion of haste {unknown}
 n - a potion of attraction {unknown}
 q - a potion of brilliance {unknown}


   Skills:
 + Level 2.3 Fighting
 - Level 1.7 Dodging
 + Level 5.1 Stealth
 + Level 3.9 Spellcasting
 + Level 3.2 Conjurations
 + Level 2.0 Air Magic
 + Level 6.1 Alchemy
 + Level 2.2 Invocations


You had 10 spell levels left.
You knew the following spells:

 Your Spells              Type           Power      Damage    Failure   Level
a - Sting                 Conj/Alch      100%       1d9       3%          1
b - Mephitic Cloud        Conj/Alch/Air  28%        N/A       13%         3

Your spell library contained the following spells:

 Spells                   Type           Power      Damage    Failure   Level
 Mercury Vapours          Alch/Air       60%        N/A       6%          2
 Olgreb's Toxic Radiance  Alch           42%        N/A       16%         4
 Freeze                   Ice            20%        1d4       19%         1
 Necrotise                Necr           20%        1d5       19%         1
 Hailstorm                Conj/Ice       15%        3d6       28%         3
 Frozen Ramparts          Ice            10%        1d2       45%         3
 Vampiric Draining        Necr           5%         2d6       45%         3
 Sticky Flame             Fire/Alch      24%        2d6       45%         4
 Martyr's Knell           Necr/Summ      5%         N/A       85%         4
 Curse of Agony           Necr           5%         N/A       99%         5


Dungeon Overview and Level Annotations

Branches:
Dungeon (5/15)
 Temple: D:4-7

Altars:
Fedhas
Zin


Innate Abilities, Weirdness & Mutations

You cannot be hasted, slowed, berserked, paralysed or teleported.
You can dig through walls and to a lower floor.
You have a pair of large antennae on your head. (SInv)
Your four strong arms can wield two-handed weapons with a shield.
Your muscles are strong. (Str +4, Int/Dex -1)
Your spells are a little harder to cast, but a little more powerful.
You have hidden genetic potential.


Message History

The centaur kicks you but does no damage.
You hit the centaur.
The centaur is poisoned.
The centaur is lightly wounded.
The centaur barely misses you.
The centaur kicks you but does no damage.
The centaur completely misses you. The centaur misses you.
The centaur hits you with a staff of fire.
The centaur burns you. The centaur kicks you. The phantom hits you.
You barely miss the centaur.
The centaur is moderately wounded.
The centaur hits you with a staff of fire.
The centaur burns you.
* * * LOW HITPOINT WARNING * * *
The centaur barely misses you. The phantom barely misses you.
The centaur hits you with a staff of fire.
* * * LOW HITPOINT WARNING * * *
The centaur kicks you.
* * * LOW HITPOINT WARNING * * *
Unknown command.
You barely miss the centaur.
The centaur is heavily wounded.
The centaur hits you with a staff of fire.
* * * LOW HITPOINT WARNING * * *
The centaur kicks you but does no damage.
The phantom misses you.
The centaur hits you with a staff of fire.
* * * LOW HITPOINT WARNING * * *
The centaur kicks you but does no damage.
The phantom hits you.
* * * LOW HITPOINT WARNING * * *
Unknown command.
Unknown command.
Unknown command.
Unknown command.
It was a potion of mutation.
You feel extremely strange.
You feel a hidden potential growing inside you.
You feel less in control of your magic.
You feel stronger.
Zin forgives your inadvertent chaotic act, just this once.
The centaur hits you with a staff of fire!
You die...

#.# ## #.# # #. #.#
..# #.# #!#. #.# #.#
#.# ##.#.## #.# #.#
#.# .......##.# #.#
#.# .........####.#
#.# ##.#...........#
#.# !......c..###..#
#.#
#.....W@.......#####.#
..#.......###........#
##.....## ##########
#....## #.#### #. #


You could see a phantom and a centaur (very poisoned).

Vanquished Creatures
  Sigmund (D:5)
  An ogre (D:5)
  A centaur (D:5)
  A jelly (D:4)
  A gnoll bouda (D:5)
  Jessica (D:2)
  Ijyb (D:3)
  Terence (D:3)
  2 orc wizards (D:5)
  Robin (D:4)
  4 gnolls (D:5)
  6 adders
  2 ribbon worms (D:2)
  3 dart slugs
  12 orcs
  9 endoplasms
  6 giant cockroaches
  10 goblins
  14 hobgoblins
  A quokka (D:5)
  4 ball pythons
  7 bats
  8 frilled lizards
  6 kobolds
  6 rats
109 creatures vanquished.

Notes
Turn   | Place    | Note
-------+----------+-------------------------------------------
     0 | D:1      | hikkokomori the Formicid Alchemist began the quest for the
                  | Orb.
     0 | D:1      | Reached XP level 1. HP: 13/13 MP: 3/3
    52 | D:1      | Reached skill level 1 in Conjurations
   258 | D:1      | Reached XP level 2. HP: 19/19 MP: 1/5
   826 | D:1      | Found a faded altar of an unknown god.
   906 | D:1      | Reached XP level 3. HP: 24/24 MP: 3/6
  1250 | D:3      | Noticed Terence
  1261 | D:3      | Killed Terence
  1262 | D:3      | Reached XP level 4. HP: 18/30 MP: 1/8
  1393 | D:2      | Learned a level 3 spell: Mephitic Cloud
  1405 | D:2      | Noticed Jessica
  1411 | D:2      | Killed Jessica
  1637 | D:2      | Reached XP level 5. HP: 35/35 MP: 3/9
  2240 | D:2      | Reached skill level 5 in Alchemy
  3002 | D:3      | Noticed Ijyb
  3015 | D:3      | Killed Ijyb
  3016 | D:3      | Reached skill level 1 in Air Magic
  3430 | D:3      | Noticed Robin
  3533 | D:4      | Killed Robin
  3534 | D:4      | Reached XP level 6. HP: 31/42 MP: 10/10
  3609 | D:3      | Found a glowing silver altar of Zin.
  3636 | D:3      | Became a worshipper of Zin the Law-Giver
  3636 | D:3      | Reached * piety under Zin
  4158 | D:4      | Reached ** piety under Zin
  4433 | D:5      | Entered Level 5 of the Dungeon
  4438 | D:5      | Noticed an ogre
  4453 | D:5      | Killed an ogre
  4454 | D:5      | Reached skill level 1 in Fighting
  4454 | D:5      | Reached skill level 1 in Invocations
  4584 | D:5      | Reached XP level 7. HP: 40/48 MP: 7/12
  4647 | D:5      | Noticed Sigmund
  4655 | D:5      | Killed Sigmund
  4656 | D:5      | Reached skill level 5 in Stealth
  4656 | D:5      | Reached skill level 6 in Alchemy
  4656 | D:5      | Reached XP level 8. HP: 41/57 MP: 6/13
  4732 | D:5      | Found a blossoming altar of Fedhas.
  4819 | D:5      | Gained mutation: You have hidden genetic potential. [potion
                  | of mutation]
  4819 | D:5      | Gained mutation: Your spells are a little harder to cast,
                  | but a little more powerful. [potion of mutation]
  4819 | D:5      | Gained mutation: Your muscles are strong. (Str +4, Int/Dex
                  | -1) [potion of mutation]
  4819 | D:5      | Slain by a centaur

Illustrated notes

Levels and vault maps discovered:
D:1:      sevenhm_arrival_forest_fort_small_6, layout_loops_ring,
          shapermc_ecumenical_altar_mp_vishouse
D:2:      layout_basic, minmay_worlds_worst_comb, uniq_jessica
D:3:      layout_basic, zin_academy, nicolae_eternal_life,
          minmay_misc_feat_tower, uniq_terence, uniq_ijyb, uniq_robin
D:4:      layout_loops_cross
D:5:      layout_loops_ring, mainiacjoe_overflow_alcove_1,
          mainiacjoe_overflow_six_doors_small, grunt_ministairs_6,
          minmay_gold_behind_fungi, uniq_sigmund

Skill      XL: |  1  2  3  4  5  6  7 |
---------------+----------------------+-----
Conjurations   | 1 2 3 |  3.2
Stealth        | 3 4 5 |  5.1
Spellcasting   | 3 |  3.9
Alchemy        | 5 6 |  6.1
Air Magic      | 1 2 |  2.0
Fighting       | 1 2 |  2.3
Invocations    | 1 2 |  2.2
Dodging        | |  1.7

Action                     |  1- 3 |  4- 6 |  7- 9 || total
---------------------------+-------+-------+-------++-------
  Melee: Unarmed           |     4 |       |       ||     4
         Club              |     4 |       |       ||     4
         Dagger            |       |    58 |    18 ||    76
         Punch             |       |     2 |       ||     2
         Halberd           |       |       |     5 ||     5
   Cast: Sting             |    48 |   125 |     1 ||   174
         Mephitic Cloud    |       |     5 |     3 ||     8
 Invoke: Recite            |       |       |     1 ||     1
    Use: Scroll            |       |     2 |       ||     2
         Potion            |       |       |     1 ||     1
   Stab: Sleeping          |       |     1 |       ||     1
         Confused          |       |     1 |     5 ||     6
 Armour: Robe              |     9 |       |       ||     9
         Ring mail         |       |    32 |       ||    32
         Leather armour    |       |    36 |    28 ||    64
  Dodge: Dodged            |    15 |    59 |    25 ||    99
